 Dungeon Crawl Stone Soup version 0.16-a0-262-g6fc725f (webtiles) character file.

18 Charly the Digger (level 2, -1/15 HPs)
             Began as a Gargoyle Earth Elementalist on Aug 25, 2014.
             Slain by a gnoll
             ... wielding a +0 flail
              (4 damage)
             ... on Level 3 of the Dungeon.
             The game lasted 00:05:14 (287 turns).

Charly the Digger (Gargoyle Earth Elementalist)      Turns: 287, Time: 00:05:14

HP  -1/15        AC  4     Str 11      XL: 2   Next: 70%
MP   0/4         EV 12     Int 15      God:
Gold 14          SH  0     Dex 10      Spells:  2 memorised,  2 levels left

rFire  . . .     SeeInvis .     b - 13 stones
rCold  . . .     Clarity  .     c - +0 robe
rNeg   + . .     rCorr    .     (no shield)
rPois  +         rRot     +     (no helmet)
rElec  +         Spirit   .     (no cloak)
SustAb .         Warding  .     (no gloves)
rMut   .         Stasis   .     (no boots)
Gourm  .                        (no amulet)
MR     .....                    (no ring)
                                (no ring)

@: very slightly contaminated, not resistant to hostile enchantments, unstealthy
A: negative energy resistance 1, electricity resistance, unbreathing,
petrification resistance, rot immunity, AC +2
a: no special abilities


You were on level 3 of the Dungeon.
You were not hungry.

You visited 1 branch of the dungeon, and saw 3 of its levels.

You collected 14 gold pieces.

Inventory:

Missiles
 b - 13 stones (in hand)
Armour
 c - a +0 robe (worn)
Comestibles
 a - a bread ration
 f - 4 fruits
Scrolls
 h - a scroll of enchant armour {unknown}
Jewellery
 g - an uncursed amulet of rage {unknown}
Potions
 e - a potion of restore abilities {unknown}
Books
 d - a book of Geomancy

   Spells                             Type                      Level
   *Sandblast                         Earth                        1
   *Stoneskin                         Transmutation/Earth          2
   Passwall                           Transmutation/Earth          3
   Stone Arrow                        Conjuration/Earth            3
   Petrify                            Transmutation/Earth          4
   Lee's Rapid Deconstruction         Earth                        5


   Skills:
 + Level 1.7 Dodging
 + Level 2.6 Stealth
 + Level 0.2 Unarmed Combat
 + Level 2.2 Spellcasting
 + Level 0.7 Transmutations
 + Level 3.9 Earth Magic


You had 2 spell levels left.
You knew the following spells:

 Your Spells              Type           Power        Failure   Level  Hunger
b - Sandblast             Erth           ##....       4%          1    #......
s - Stoneskin             Trmt/Erth      #.......     14%         2    ###....


Dungeon Overview and Level Annotations

Branches:
Dungeon (3/15)

Altars:
Dithmenos


Innate Abilities, Weirdness & Mutations

You are resistant to torment.
You are immune to poison.
Your stone body is very resilient (AC +2).
You resist negative energy.
You are resistant to electric shocks.
You can survive without breathing.
You are immune to petrification.
You are immune to rotting.


Message History

You are very lightly contaminated with residual magic.
Sand pours from your hands. The gnoll hits you with a flail.
* * * LOW HITPOINT WARNING * * *
Casting: Sandblast
Confirm with . or Enter, or press ? or * to list all spells.
Aiming: Sandblast
Press: ? - help, Shift-Dir - straight line, f/p - gnoll
Aim: a gnoll, wielding a flail (heavily wounded)
The rocky blast misses the gnoll. x2
The gnoll closely misses you.
There is an escape hatch in the floor here.
Casting: Sandblast
Confirm with . or Enter, or press ? or * to list all spells.
Aiming: Sandblast
Press: ? - help, Shift-Dir - straight line, f/p - gnoll
Aim: a gnoll, wielding a flail (heavily wounded)
The rocky blast hits the gnoll.
The gnoll is severely wounded.
The gnoll hits you with a flail.
You die...

♣.... ♣...# . ♣♣...#####+##
. ⌠.⌠ ♣....g......#
P..._..♣P...###....#
..⌠.⌠.P....# #g...######.#
...♣♣P...# #>..........#
PP.♣♣♣...###.....#####.#
...PP.P.....@gg...........#
.....$.......##.%........###
............##....##..###
.(..........##....# ###
.######.######....# #.#
#....### #.# ####...# ...
#.### ..g #.#


You could see 2 gnolls.

Vanquished Creatures
  An adder (D:2)
  A bat (D:1)
  2 hobgoblins (D:2)
  A kobold (D:2)
  2 giant newts
  2 goblins
  A rat (D:2)
10 creatures vanquished.

Notes
Turn   | Place    | Note
--------------------------------------------------------------
     0 | D:1      | Charly, the Gargoyle Earth Elementalist, began the quest for the Orb.
     0 | D:1      | Reached XP level 1. HP: 10/10 MP: 3/3
   144 | D:2      | Reached XP level 2. HP: 9/15 MP: 0/4
   153 | D:3      | Learned a level 2 spell: Stoneskin
   267 | D:3      | Found a shadowy altar of Dithmenos.
   287 | D:3      | Slain by a gnoll

Action                   || total
-------------------------++-------
Melee: Unarmed           ||    19
 Cast: Sandblast         ||    20
 Stab: Sleeping          ||     1
